AoeStats
← Bibzi

Hideout

509087406Analyzed
1v1 RM · 7d ago on Sep 25, 2026· 50m 24s· 2 players
Game mode
Random Map
Map size
Tiny (2 player)
Population
200
Speed
Normal
Resources
Standard
Victory
Conquest
Starting age
Dark Age
Ending age
Imperial Age
RankedLock teamsTeams togetherTeam positionsShared explorationLock speedFull tech treeHidden civsTurbo modeCheats
Victory
Defeat
🇷🇺 Danes · Russia
871
+16
🇧🇪 Celts · Belgium
866
-16
Bibzi
10:30 Feudal Age
12:34 Loom
15:25 Castle Age
13:10 Horse Collar
13:35 Double-Bit Axe
18:05 Gold Mining
18:54 Bow Saw
21:49 Forging
21:39 Scale Mail Armor
22:33 Stone Mining
24:44 Wheelbarrow
24:56 Pikeman
30:44 Imperial Age
29:14 Scale Barding Armor
29:48 Iron Casting
31:03 Capped Ram
33:35 Heavy Scorpion
35:03 Ballistics
35:44 Chemistry
35:17 Halberdier
40:44 Elite Woad Raider
43:37 Gold Shaft Mining
43:46 Chain Mail Armor
45:22 Plate Mail Armor
47:03 Man-at-Arms
49:08 Blast Furnace
48:26 Gambesons
48:45 Long Swordsman
shalimov.1973
5:23 Loom
11:09 Feudal Age
11:53 Double-Bit Axe
17:34 Castle Age
15:45 Horse Collar
16:25 Gold Mining
17:46 Scale Mail Armor
19:02 Wheelbarrow
23:33 Crossbowman
24:41 Bow Saw
29:31 Imperial Age
29:21 Heavy Plow
29:44 Chain Mail Armor
29:41 Forging
30:39 Squires
30:27 Arson
30:46 Fletching
32:04 Hand Cart
32:26 Plate Mail Armor
32:41 Ballistics
32:30 Bodkin Arrow
32:34 Town Watch
34:42 Conscription
35:31 Chemistry
34:42 Masonry
36:06 Cranequins
40:19 Onager
41:37 Hamask
43:56 Thumb Ring
45:06 Bracer
45:42 Iron Casting
45:10 Padded Archer Armor
45:54 Stone Mining
46:45 Gold Shaft Mining
48:38 Blast Furnace
Connection lost

Rejoining the realm…

Still unreachable

The connection could not be restored.

Session expired

The server has moved on; the page needs a fresh start.